2408 views
Uploaded 2021-11-25 13:46:07
Game version 1.32.10
17:48 long 3on3 ladder game on (8)Battleground_LV
Saved by xzz
2408 views
Uploaded 2021-11-25 13:46:07
Game version 1.32.10
17:48 long 3on3 ladder game on (8)Battleground_LV


68 units @ 7.9k
/ 0.9k
39 buildings @ 6.5k
/ 2.4k


| Healing Salve | 2 | 200 |
| Potion of Healing | 2 | 300 |
| Orb of Lightning | 1 | 375 |
| total: | 5 | 875g |
| Peon | 9 | 675 | / | 0 |
| Shaman | 2 | 260 | / | 40 |
| total: | 11 | 935g | / | 40w |
| Altar of Storms | 1 | 180 | / | 50 |
| Orc Burrow | 6 | 960 | / | 240 |
| Voodoo Lounge | 1 | 130 | / | 30 |
| War Mill | 1 | 205 | / | 0 |
| Spirit Lodge | 2 | 300 | / | 300 |
| Stronghold | 1 | 315 | / | 190 |
| Fortress | 1 | 325 | / | 190 |
| total: | 11 | 1775g | / | 620w |
| 0:04 | Peon |
| 0:04 | Peon |
| 0:04 | Peon |
| 0:04 | Peon |
| 0:13 | Altar of Storms |
| 0:20 | Orc Burrow |
| 0:28 | Peon |
| 0:43 | Peon |
| 1:03 | Peon |
| 1:19 | Peon |
| 1:37 | Voodoo Lounge |
| 1:38 | Peon |
| 2:04 | Stronghold |
| 2:10 | War Mill |
| 2:16 | Critical Strike |
| 2:26 | Orc Burrow |
| 2:47 | Healing Salve |
| 4:25 | Fortress |
| 4:34 | Wind Walk |
| 5:01 | Spirit Lodge |
| 5:22 | Spirit Lodge |
| 6:11 | Endurance Aura |
| 6:27 | Shaman Adept Training |
| 6:31 | Orc Burrow |
| 6:35 | Witch Doctor Adept Training |
| 6:39 | Orc Burrow |
| 7:40 | Potion of Healing |
| 7:41 | Potion of Healing |
| 7:41 | Orb of Lightning |
| 9:22 | Healing Salve |
| 9:28 | Shaman |
| 9:28 | Shaman |
| 9:29 | Shaman Master Training |
| 9:30 | Witch Doctor Master Training |
| 9:33 | Orc Burrow |
| 9:35 | Orc Burrow |
| Right click | 304 |
| Select | 112 |
| Build/train/purchase | 44 |
| Use ability | 7 |
| Remove unit | 3 |
| Item give/drop | 1 |

| Lesser Clarity Potion | 1 | 70 |
| Healing Salve | 3 | 300 |
| Scroll of Speed | 1 | 50 |
| total: | 5 | 420g |
| Wisp | 16 | 960 | / | 0 |
| Archer | 10 | 1300 | / | 100 |
| Hippogryph | 4 | 640 | / | 80 |
| Mountain Giant | 4 | 1400 | / | 400 |
| total: | 34 | 4300g | / | 580w |
| Altar of Elders | 1 | 180 | / | 50 |
| Moon Well | 8 | 1440 | / | 320 |
| Ancient of War | 1 | 150 | / | 60 |
| Hunter's Hall | 1 | 210 | / | 100 |
| Ancient of Wonders | 2 | 180 | / | 60 |
| Tree of Life | 1 | 340 | / | 185 |
| Ancient of Wind | 2 | 300 | / | 280 |
| Ancient of Lore | 2 | 310 | / | 290 |
| Tree of Ages | 1 | 320 | / | 180 |
| Tree of Eternity | 1 | 330 | / | 200 |
| total: | 18 | 3110g | / | 1345w |
| 0:10 | Wisp |
| 0:10 | Wisp |
| 0:13 | Altar of Elders |
| 0:15 | Moon Well |
| 0:39 | Ancient of War |
| 0:57 | Wisp |
| 0:58 | Wisp |
| 1:29 | Moon Well |
| 1:31 | Wisp |
| 1:48 | Archer |
| 1:52 | Wisp |
| 2:06 | Archer |
| 2:15 | Shadow Strike |
| 2:21 | Wisp |
| 2:26 | Archer |
| 2:33 | Wisp |
| 2:44 | Moon Well |
| 3:04 | Archer |
| 3:23 | Tree of Ages |
| 3:34 | Archer |
| 3:39 | Blink |
| 4:04 | Hunter's Hall |
| 4:10 | Ancient of Wonders |
| 4:16 | Archer |
| 5:14 | Ancient of Wonders |
| 5:47 | Moon Well |
| 5:49 | Moon Well |
| 5:52 | Moon Well |
| 5:59 | Ancient of Wind |
| 6:02 | Ancient of Wind |
| 6:11 | Wisp |
| 6:11 | Wisp |
| 6:11 | Wisp |
| 7:16 | Hippogryph |
| 7:19 | Ancient of Lore |
| 7:22 | Archer |
| 7:24 | Hippogryph |
| 7:26 | Healing Salve |
| 7:32 | Lesser Clarity Potion |
| 7:34 | Scroll of Speed |
| 7:53 | Shadow Strike |
| 7:59 | Hippogryph |
| 8:42 | Mountain Giant |
| 9:46 | Blink |
| 9:52 | Hippogryph |
| 9:54 | Archer |
| 9:55 | Mountain Giant |
| 10:36 | Improved Bows |
| 10:39 | Moon Well |
| 10:45 | Moon Well |
| 11:14 | Strength of the Moon |
| 11:51 | Archer |
| 11:51 | Archer |
| 11:56 | Mountain Giant |
| 12:21 | Ancient of Lore |
| 12:23 | Wisp |
| 13:00 | Healing Salve |
| 13:07 | Healing Salve |
| 14:14 | Tree of Life |
| 14:26 | Reinforced Hides |
| 14:29 | Wisp |
| 14:29 | Wisp |
| 14:30 | Wisp |
| 14:32 | Wisp |
| 14:49 | Improved Strength of the Moon |
| 15:51 | Mountain Giant |
| 16:28 | Tree of Eternity |
| 16:55 | Improved Reinforced Hides |
| 17:20 | Ultravision |
| Right click | 453 |
| Select | 258 |
| Select group | 160 |
| Chat | 146 |
| Build/train/purchase | 72 |
| Assign group | 30 |
| Use ability | 30 |
| Esc | 1 |
| Minimap ping | 1 |


| Scroll of Speed | 1 | 50 |
| Healing Salve | 2 | 200 |
| Lesser Clarity Potion | 2 | 140 |
| total: | 5 | 390g |
| Peon | 8 | 600 | / | 0 |
| Troll Headhunter | 15 | 2100 | / | 300 |
| total: | 23 | 2700g | / | 300w |
| Altar of Storms | 1 | 180 | / | 50 |
| Orc Burrow | 3 | 480 | / | 120 |
| War Mill | 1 | 205 | / | 0 |
| Barracks | 2 | 360 | / | 100 |
| Voodoo Lounge | 2 | 260 | / | 60 |
| Spirit Lodge | 1 | 150 | / | 150 |
| Stronghold | 1 | 315 | / | 190 |
| Fortress | 2 | 650 | / | 380 |
| total: | 10 | 1635g | / | 480w |
| 0:02 | Peon |
| 0:02 | Peon |
| 0:06 | Altar of Storms |
| 0:17 | Orc Burrow |
| 0:27 | Peon |
| 0:42 | Peon |
| 0:50 | War Mill |
| 0:53 | Peon |
| 1:07 | Barracks |
| 1:19 | Peon |
| 1:19 | Peon |
| 1:38 | Orc Burrow |
| 1:53 | Peon |
| 2:08 | Feral Spirit |
| 2:09 | Troll Headhunter |
| 2:09 | Troll Headhunter |
| 2:09 | Troll Headhunter |
| 2:25 | Voodoo Lounge |
| 2:43 | Troll Headhunter |
| 3:43 | Stronghold |
| 3:44 | Troll Headhunter |
| 3:49 | Barracks |
| 4:06 | Troll Headhunter |
| 4:07 | Steel Armor |
| 4:34 | Troll Headhunter |
| 4:36 | Steel Ranged Weapons |
| 4:56 | Troll Headhunter |
| 4:59 | Troll Headhunter |
| 4:59 | Troll Headhunter |
| 5:25 | Chain Lighting |
| 5:29 | Scroll of Speed |
| 5:29 | Healing Salve |
| 5:29 | Lesser Clarity Potion |
| 5:37 | Orc Burrow |
| 6:01 | Spiked Barricades |
| 6:02 | Troll Headhunter |
| 6:13 | Voodoo Lounge |
| 6:33 | Troll Headhunter |
| 6:53 | Feral Spirit |
| 7:19 | Troll Regeneration |
| 8:02 | Troll Headhunter |
| 8:06 | Spirit Lodge |
| 8:11 | Healing Salve |
| 8:12 | Lesser Clarity Potion |
| 8:27 | Troll Headhunter |
| 8:47 | Shockwave |
| 9:01 | Chain Lighting |
| 9:09 | Troll Headhunter |
| 9:12 | Fortress |
| 9:48 | Endurance Aura |
| Right click | 843 |
| Select | 197 |
| Select group | 105 |
| Misc. action | 97 |
| Build/train/purchase | 68 |
| Chat | 34 |
| Assign group | 32 |
| Use ability | 10 |
| Minimap ping | 6 |
| Item give/drop | 1 |
| Esc | 1 |
75 units @ 8.8k
/ 0.9k
26 buildings @ 4.5k
/ 1.4k


| Potion of Healing | 1 | 150 |
| total: | 1 | 150g |
| Wisp | 20 | 1200 | / | 0 |
| Archer | 12 | 1560 | / | 120 |
| Hippogryph | 2 | 320 | / | 40 |
| total: | 34 | 3080g | / | 160w |
| Altar of Elders | 1 | 180 | / | 50 |
| Moon Well | 4 | 720 | / | 160 |
| Ancient of War | 1 | 150 | / | 60 |
| Tree of Life | 1 | 340 | / | 185 |
| Hunter's Hall | 1 | 210 | / | 100 |
| Ancient of Wonders | 1 | 90 | / | 30 |
| Ancient of Wind | 2 | 300 | / | 280 |
| Tree of Ages | 1 | 320 | / | 180 |
| total: | 11 | 1990g | / | 865w |
| 0:01 | Wisp |
| 0:02 | Wisp |
| 0:05 | Altar of Elders |
| 0:16 | Moon Well |
| 0:26 | Wisp |
| 0:34 | Wisp |
| 0:38 | Ancient of War |
| 0:42 | Wisp |
| 0:52 | Wisp |
| 0:53 | Wisp |
| 1:02 | Wisp |
| 1:27 | Moon Well |
| 1:39 | Archer |
| 1:49 | Moon Well |
| 1:55 | Archer |
| 2:04 | Trueshot Aura |
| 2:18 | Wisp |
| 2:18 | Wisp |
| 2:20 | Archer |
| 2:29 | Wisp |
| 2:38 | Wisp |
| 2:50 | Archer |
| 2:52 | Wisp |
| 3:04 | Archer |
| 3:42 | Searing Arrows |
| 3:44 | Wisp |
| 3:46 | Tree of Ages |
| 4:32 | Tree of Life |
| 4:47 | Archer |
| 5:01 | Hunter's Hall |
| 5:08 | Archer |
| 5:20 | Trueshot Aura |
| 5:24 | Archer |
| 5:59 | Archer |
| 6:10 | Ancient of Wonders |
| 6:32 | Archer |
| 6:33 | Strength of the Moon |
| 6:33 | Improved Bows |
| 6:48 | Moon Well |
| 6:54 | Wisp |
| 7:10 | Entangling Roots |
| 7:16 | Ancient of Wind |
| 7:18 | Wisp |
| 7:37 | Archer |
| 7:59 | Wisp |
| 8:00 | Wisp |
| 8:13 | Ancient of Wind |
| 8:14 | Wisp |
| 8:14 | Wisp |
| 8:27 | Moon Armor |
| 8:32 | Potion of Healing |
| 8:42 | Hippogryph |
| 9:03 | Archer |
| 9:11 | Searing Arrows |
| 9:12 | Hippogryph |
| 9:14 | Thorns Aura |
| Right click | 516 |
| Select | 255 |
| Select group | 239 |
| Assign group | 66 |
| Build/train/purchase | 52 |
| Use ability | 7 |
| Minimap ping | 3 |
| Chat | 3 |
| Remove unit | 2 |

| Acolyte | 3 | 225 | / | 0 |
| Ghoul | 2 | 240 | / | 0 |
| Crypt Fiend | 11 | 2365 | / | 440 |
| total: | 16 | 2830g | / | 440w |
| Spirit Tower | 1 | 145 | / | 40 |
| Altar of Darkness | 1 | 180 | / | 50 |
| Ziggurat | 4 | 600 | / | 200 |
| Crypt | 1 | 200 | / | 50 |
| Graveyard | 1 | 215 | / | 0 |
| Tomb of Relics | 1 | 130 | / | 30 |
| Halls of the Dead | 1 | 320 | / | 210 |
| total: | 8 | 1325g | / | 330w |
| 0:10 | Altar of Darkness |
| 0:13 | Ziggurat |
| 0:18 | Crypt |
| 0:32 | Acolyte |
| 0:41 | Acolyte |
| 1:00 | Graveyard |
| 1:19 | Ziggurat |
| 1:37 | Ghoul |
| 1:44 | Ghoul |
| 2:29 | Crypt Fiend |
| 2:30 | Crypt Fiend |
| 2:37 | Carrion Beetles |
| 2:43 | Spirit Tower |
| 3:58 | Crypt Fiend |
| 3:59 | Crypt Fiend |
| 4:05 | Acolyte |
| 4:15 | Crypt Fiend |
| 4:30 | Ziggurat |
| 5:10 | Creature Attack |
| 5:10 | Creature Carapace |
| 6:33 | Impale |
| 7:31 | Crypt Fiend |
| 7:31 | Crypt Fiend |
| 7:31 | Crypt Fiend |
| 7:31 | Crypt Fiend |
| 7:31 | Crypt Fiend |
| 7:32 | Crypt Fiend |
| 8:00 | Halls of the Dead |
| 8:05 | Ziggurat |
| 8:10 | Tomb of Relics |
| Right click | 181 |
| Select | 89 |
| Build/train/purchase | 30 |
| Assign group | 15 |
| Select group | 11 |
| Minimap ping | 9 |
| Use ability | 1 |

| Lesser Clarity Potion | 2 | 140 |
| Healing Salve | 2 | 200 |
| Potion of Healing | 3 | 450 |
| total: | 7 | 790g |
| Peon | 9 | 675 | / | 0 |
| Troll Headhunter | 16 | 2240 | / | 320 |
| total: | 25 | 2915g | / | 320w |
| Altar of Storms | 1 | 180 | / | 50 |
| Orc Burrow | 3 | 480 | / | 120 |
| Voodoo Lounge | 1 | 130 | / | 30 |
| Barracks | 1 | 180 | / | 50 |
| War Mill | 1 | 205 | / | 0 |
| Stronghold | 1 | 315 | / | 190 |
| total: | 7 | 1175g | / | 250w |
| 0:07 | Altar of Storms |
| 0:08 | Peon |
| 0:09 | Peon |
| 0:12 | Orc Burrow |
| 0:24 | Peon |
| 0:34 | Peon |
| 1:06 | Peon |
| 1:11 | Orc Burrow |
| 1:20 | Voodoo Lounge |
| 1:25 | Peon |
| 1:34 | Peon |
| 1:40 | Peon |
| 1:48 | Peon |
| 2:07 | Barracks |
| 2:20 | Wind Walk |
| 2:24 | Lesser Clarity Potion |
| 2:25 | Healing Salve |
| 2:31 | Lesser Clarity Potion |
| 2:56 | War Mill |
| 3:25 | Orc Burrow |
| 4:10 | Troll Headhunter |
| 4:10 | Troll Headhunter |
| 4:10 | Troll Headhunter |
| 4:13 | Stronghold |
| 5:15 | Troll Headhunter |
| 5:16 | Troll Headhunter |
| 5:18 | Steel Armor |
| 5:19 | Steel Ranged Weapons |
| 5:21 | Troll Headhunter |
| 6:04 | Troll Headhunter |
| 6:18 | Troll Headhunter |
| 6:34 | Troll Regeneration |
| 6:39 | Troll Headhunter |
| 7:32 | Berserker Strength |
| 7:34 | Troll Headhunter |
| 7:34 | Troll Headhunter |
| 7:44 | Troll Headhunter |
| 8:12 | Troll Headhunter |
| 8:39 | Troll Headhunter |
| 8:50 | Potion of Healing |
| 8:50 | Potion of Healing |
| 8:50 | Potion of Healing |
| 8:55 | Healing Salve |
| 9:12 | Troll Headhunter |
| 9:14 | Thorium Ranged Weapons |
| 9:33 | Troll Headhunter |
| Right click | 128 |
| Select | 113 |
| Build/train/purchase | 55 |
| Use ability | 5 |
| Resource trade | 4 |
| Remove unit | 3 |
โ